 Dungeon Crawl Stone Soup version 0.16.1-16-gc44b35d (webtiles) character file.

529 KarvaRausku the Chopper (level 7, -8/41 HPs)
             Began as a Gargoyle Fighter on Apr 16, 2015.
             Mangled by an ogre
             ... wielding a +0 giant spiked club
              (17 damage)
             ... on level 4 of the Dungeon.
             The game lasted 00:08:20 (3551 turns).

KarvaRausku the Chopper (Gargoyle Fighter)          Turns: 3551, Time: 00:08:20

Health: -8/41      AC: 11    Str: 22    XL:     7   Next: 24%
Magic:  7/7        EV:  7    Int:  8    God:
Gold:   148        SH:  9    Dex: 12    Spells: 0 memorised, 6 levels left

rFire  . . .     SeeInvis .     a - +0 war axe
rCold  . . .     Clarity  .     b - +0 scale mail
rNeg   + . .     SustAb   .     c - +0 shield
rPois  ∞         Gourm    .     (no helmet)
rElec  +         Spirit   .     (no cloak)
rCorr  .         Warding  .     (no gloves)
rMut   .         Rnd*Tele +     (no boots)
MR     .....                    (no amulet)
Stlth  ..........               i - ring of teleportation (curse)
                                m - +3 ring of dexterity

@: starving, not resistant to hostile enchantments, extremely unstealthy
A: negative energy resistance 1, electricity resistance, unbreathing,
petrification resistance, rot immunity, AC +4
a: Evoke Teleportation


You were on level 4 of the Dungeon.
You were starving.

You visited 2 branches of the dungeon, and saw 5 of its levels.

You collected 148 gold pieces.

Inventory:

Hand weapons
 a - a +0 war axe (weapon)
Armour
 b - a +0 scale mail (worn)
 c - a +0 shield (worn)
Jewellery
 i - a cursed ring of teleportation (right hand)
 m - a +3 ring of dexterity (left hand)
Magical devices
 s - a wand of random effects (31)
 A - a wand of enslavement (14)
 C - a wand of enslavement (7)
Scrolls
 g - 8 scrolls of identify {unknown}
 j - a scroll of immolation {unknown}
 k - 2 scrolls of enchant armour {unknown}
 l - a scroll of fear {unknown}
 n - a scroll of amnesia {unknown}
 o - 3 scrolls of enchant weapon {unknown}
 p - a scroll of recharging {unknown}
 t - 2 scrolls of teleportation
 w - a scroll of remove curse {unknown}
 y - a scroll of magic mapping {unknown}
Potions
 e - 2 potions of might
 f - 2 potions of heal wounds {unknown}
 h - 3 potions of haste {unknown}
 q - 2 potions of curing {unknown}
 r - a potion of agility {unknown}
 x - a potion of mutation {unknown}
 z - a potion of resistance {unknown}
Comestibles
 d - 4 bread rations
 u - a fruit
 v - a beef jerky
 B - a meat ration


   Skills:
 - Level 3.2 Fighting
 + Level 7.0 Axes
 - Level 3.2 Armour
 - Level 3.2 Shields


You had 6 spell levels left.
You didn't know any spells.

Dungeon Overview and Level Annotations

Branches:
Dungeon (4/15)             Temple (1/1) D:4

Altars:
Ashenzari
Cheibriados
Elyvilon
Fedhas
Gozag
Kikubaaqudgha
Makhleb
Nemelex Xobeh
Qazlal
Ru
Sif Muna
Trog
Vehumet
Yredelemnul
The Shining One

Shops:
D:4 :*%=


Innate Abilities, Weirdness & Mutations

You are resistant to torment.
You are immune to poison.
Your stone body is very resilient (AC +4).
You resist negative energy.
You are resistant to electric shocks.
You can survive without breathing.
You are immune to petrification.
You are immune to rotting.


Message History

Unknown command.
You closely miss the ogre.
The ogre is lightly wounded.
The ogre barely misses you.
You hit the ogre.
The ogre is moderately wounded.
The ogre hits you with a giant spiked club!!
Ouch! That really hurt!
* * * LOW HITPOINT WARNING * * *
You are too injured to fight recklessly!
You are too injured to fight recklessly!
You are too injured to fight recklessly!
You are too injured to fight recklessly!
You are too injured to fight recklessly!
You see here a dagger.
You see here a dagger.
Found a stone staircase leading down.
You see here 17 gold pieces.
The ogre hits you with a giant spiked club!
You die...

.. .... ... ... ..
...#
.######'####+####+#
#..................
#.........)........
+>@................
#..O...............
#..........))......
#...$........).)...
##+####+####(####+#
#.........#...
#.........#...
#.........#...
+...∩.....+...


You could see an ogre.

Vanquished Creatures
  Sigmund (D:2)
  A crocodile (D:4)
  A scorpion (D:4)
  An orc priest (D:4)
  2 orc wizards (D:4)
  Natasha (D:3)
  Jessica (D:2)
  9 adders
  A giant mite (D:1)
  5 worms
  3 oozes
  12 orcs
  A ball python (D:1)
  7 hobgoblins
  3 jackals (D:3)
  7 kobolds
  3 quokkas
  14 bats
  3 giant cockroaches
  4 giant newts
  2 gnoll zombies (D:2)
  9 goblins
  6 rats (D:1)
97 creatures vanquished.

Notes
Turn   | Place    | Note
--------------------------------------------------------------
     0 | D:1      | KarvaRausku, the Gargoyle Fighter, began the quest for the Orb.
     0 | D:1      | Reached XP level 1. HP: 14/14 MP: 1/1
     2 | D:1      | Noticed a felid
     2 | D:1      | Noticed a gargoyle
     4 | D:1      | Noticed a spriggan
     4 | D:1      | Noticed a tengu
     6 | D:1      | Noticed a dwarf
     6 | D:1      | Noticed an elf
     8 | D:1      | Noticed a demonspawn
     8 | D:1      | Noticed an octopode
    12 | D:1      | Noticed a human
    12 | D:1      | Noticed a merfolk
    14 | D:1      | Noticed a minotaur
    14 | D:1      | Noticed an ogre
    16 | D:1      | Noticed a demigod
    18 | D:1      | Noticed a naga
    20 | D:1      | Noticed a ghoul
    20 | D:1      | Noticed a draconian
    22 | D:1      | Noticed a formicid
    24 | D:1      | Noticed a vine stalker
    24 | D:1      | Noticed a troll
    26 | D:1      | Noticed a centaur
    26 | D:1      | Noticed a vampire
    82 | D:1      | Reached XP level 2. HP: 2/19 MP: 2/2
   702 | D:1      | Reached XP level 3. HP: 23/23 MP: 3/3
  1018 | D:2      | Noticed Jessica
  1024 | D:2      | Killed Jessica
  1024 | D:2      | Reached XP level 4. HP: 18/28 MP: 4/4
  1046 | D:2      | Noticed Sigmund
  1048 | D:2      | Reached skill level 4 in Axes
  1320 | D:2      | Reached XP level 5. HP: 24/32 MP: 5/5
  1432 | D:2      | Killed Sigmund
  1432 | D:2      | Reached skill level 5 in Axes
  1554 | D:2      | Found a basalt altar of Yredelemnul.
  1909 | D:3      | Reached XP level 6. HP: 28/37 MP: 6/6
  2032 | D:3      | Noticed an ogre
  2032 | D:3      | Noticed a hippogriff
  2165 | D:3      | Noticed Natasha
  2175 | D:3      | Killed Natasha
  2643 | D:4      | Found Ghygh's Food Emporium.
  2654 | D:4      | Reached skill level 6 in Axes
  2761 | D:4      | Found Froshruz's Jewellery Shop.
  2928 | D:4      | Found Geng's General Store.
  2932 | D:4      | Reached XP level 7. HP: 27/41 MP: 7/7
  3029 | D:4      | Found a staircase to the Ecumenical Temple.
  3086 | Temple   | Entered the Ecumenical Temple
  3331 | D:4      | Found Psyusoir's Book Shop.
  3375 | D:4      | Reached skill level 7 in Axes
  3551 | D:4      | Mangled by an ogre

Action                   |  1- 3 |  4- 6 |  7- 9 || total
-------------------------+-------+-------+-------++-------
Melee: War axe           |    89 |   219 |    46 ||   354
  Use: Potion            |       |     2 |       ||     2
       Scroll            |       |     1 |       ||     1
  Eat: Chunk             |     1 |     5 |     1 ||     7
